 Dungeon Crawl Stone Soup version 0.26.0-10-g1f06aea511 (webtiles) character file.

Game seed: 6503888275637362629

214 vatarom the Gusty (level 5, -2/32 HPs)
             Began as a Tengu Air Elementalist on Jan 19, 2021.
             Slain by an ogre
             ... wielding a +0 giant club
              (10 damage)
             ... on level 4 of the Dungeon.
             The game lasted 00:07:41 (4118 turns).

vatarom the Gusty (Tengu Air Elementalist)          Turns: 4118, Time: 00:07:42

Health: -2/32      AC:  4    Str:  8    XL:     5   Next: 92%
Magic:  6/9        EV: 13    Int: 16    God:
Gold:   226        SH:  0    Dex: 15    Spells: 2/8 levels left

rFire    . . .     SeeInvis .   j - +0 spear (vorpal)
rCold    . . .     Faith    .   (no shield)
rNeg     . . .     Spirit   .   a - +0 robe
rPois    .         Reflect  .   m - +1 hat
rElec    .         Harm     .   (no cloak)
rCorr    .         Rampage  .   v - +0 pair of gloves
Will     .....                  (boots unavailable)
Stlth    ++........             (no amulet)
HPRegen  0.10/turn              (no ring)
MPRegen  0.11/turn              (no ring)

@: about to teleport, very slightly contaminated
A: beak, talons 3, able to fly
a: Fly


You were on level 4 of the Dungeon.
You visited 1 branch of the dungeon, and saw 4 of its levels.

You collected 226 gold pieces.

Inventory:

Hand Weapons
 j - a +0 vorpal spear (weapon)
Missiles
 u - 3 boomerangs
Armour
 a - a +0 robe (worn)
 m - a +1 hat (worn)
 v - a +0 pair of gloves (worn)
Wands
 l - a wand of disintegration (8)
Scrolls
 b - a scroll of noise
 d - 3 scrolls of enchant weapon
 e - 4 scrolls of teleportation {@r3}
 f - 5 scrolls of remove curse {@r2}
Potions
 g - a potion of magic {unknown}
 k - a potion of berserk rage {unknown}
 n - a potion of degeneration {unknown}
 o - 2 potions of curing {@q1}
 p - a potion of haste {unknown}
 q - 2 potions of mutation
 r - a potion of might {unknown}
 s - a potion of brilliance {unknown}
 t - a potion of flight {unknown}


   Skills:
 + Level 2.8 Fighting
 - Level 2.1 Dodging
 - Level 2.0 Stealth
 - Level 2.0 Spellcasting
 + Level 4.4 Conjurations
 + Level 5.8 Air Magic


You had 2 spell levels left.
You knew the following spells:

 Your Spells              Type           Power        Failure   Level
a - Shock                 Conj/Air       72%          2%          1
b - Swiftness             Air            20%          2%          2
c - Static Discharge      Conj/Air       18%          8%          3

Your spell library contained the following spells:

 Spells                   Type           Power        Failure   Level
 Beastly Appendage        Tmut           2%           21%         1
 Wereblood                Tmut           1%           30%         2
 Airstrike                Air            10%          19%         4
 Spider Form              Tmut/Pois      0%           52%         3
 Lightning Bolt           Conj/Air       9%           56%         5
 Ice Form                 Ice/Tmut       1%           90%         4
 Blade Hands              Tmut           0%           99%         5


Dungeon Overview and Level Annotations

Branches:
Dungeon (4/15)             Temple (0/1) D:4

Altars:


Innate Abilities, Weirdness & Mutations

You have a beak for a mouth.
You have claws for feet.
You can fly continuously.


Message History

Magic restored.
You see here a scale mail.
Key pressed, stopping explore.
An ogre comes into view. It is wielding a +0 giant club.
The ogre moves out of view.
An ogre is nearby!
The ogre shouts!
Casting: Static Discharge (quite dangerous; 8% risk of failure)
Confirm with . or Enter, or press ? or * to list all spells.
The spell is quite dangerous to cast (8% risk of failure)!
Continue anyway?
You miscast Static Discharge.
You are very lightly contaminated with residual magic.
Nothing appears to happen.
The ogre hits you with a +0 giant club!!
Ouch! That really hurt!
* * * LOW HITPOINT WARNING * * *
Okay, then.
As you read the scroll of teleportation {@r3}, it crumbles to dust.
You feel strangely unstable. The ogre hits you with a +0 giant club!
You die...

####. #.# #.###..#........###..
..... #.####.............### ##.
..... #.........#....#.### #.
.....###.............##.†# ##
#....##....#..##...####.## # #
#........###.####.# #..#######
.###......[# #..(...####.........
.......#...###.##....##..###.....
.....).###.##..O@....#..## ###...
......## ##............## ##....
.......## #.#####......# ###.....
........# #.## ##.....###...###.
##..#...###..### ###.......### #.
##.##......[..####.....#...####.
##........##.......##...#...##..
##......"..####....###...##......
#......†...######..####...#....#.


You could see an ogre.

Vanquished Creatures
  A hound (D:4)
  Jessica (D:3)
  2 worker ants
  3 adders
  An ooze (D:3)
  A worm (D:2)
  3 dart slugs
  A leopard gecko (D:2)
  3 orcs
  A ball python (D:3)
  9 bats
  7 giant cockroaches
  6 goblins
  7 hobgoblins
  5 jackals
  3 quokkas
  4 frilled lizards
  6 kobolds
  5 rats
69 creatures vanquished.

Notes
Turn   | Place    | Note
-------+----------+-------------------------------------------
     0 | D:1      | vatarom the Tengu Air Elementalist began the quest for the
                  | Orb.
     0 | D:1      | Reached XP level 1. HP: 10/10 MP: 4/4
   206 | D:1      | Reached XP level 2. HP: 11/16 MP: 0/6
   577 | D:1      | Learned a level 2 spell: Swiftness
   728 | D:1      | Reached skill level 1 in Fighting
   951 | D:1      | Reached XP level 3. HP: 20/20 MP: 7/7
   992 | D:1      | Learned a level 3 spell: Static Discharge
  1209 | D:2      | Reached XP level 4. HP: 23/26 MP: 5/8
  1284 | D:2      | Reached skill level 5 in Air Magic
  2520 | D:3      | Gained mutation: You can fly continuously. [Tengu growth]
  2520 | D:3      | Reached XP level 5. HP: 30/30 MP: 6/9
  2586 | D:3      | Noticed Jessica
  2593 | D:3      | Killed Jessica
  3611 | D:4      | Found a staircase to the Ecumenical Temple.
  4111 | D:4      | Noticed an ogre
  4118 | D:4      | Slain by an ogre

Illustrated notes

Levels and vault maps discovered:
D:1:      dpeg_arrival_round_b, layout_basic
D:2:      layout_rooms, minmay_misc_feat_hallway, amethyst_killhole,
          grunt_ministairs_4
D:3:      layout_rooms, uniq_jessica
D:4:      layout_layer_cave, minmay_temple_entry_sparse_star,
          nicolae_ossuary_entry_monument

Skill      XL: |  1  2  3  4  5 |
---------------+----------------+-----
Conjurations   | 2 3 4 |  4.4
Fighting       | 1 2 |  2.8
Air Magic      | 5 |  5.8
Dodging        | |  2.1
Stealth        | |  2.0
Spellcasting   | |  2.0

Action                   |  1- 3 |  4- 6 || total
-------------------------+-------+-------++-------
Melee: Kick              |     2 |    11 ||    13
       Unarmed           |     1 |       ||     1
       Short sword       |     7 |       ||     7
       Spear             |     8 |    27 ||    35
       Peck              |     2 |     5 ||     7
 Cast: Shock             |    40 |    69 ||   109
       Static Discharge  |       |     6 ||     6
  Use: Potion            |       |     1 ||     1
       Scroll            |       |    10 ||    10
 Stab: Sleeping          |     3 |       ||     3
Armor: Robe              |     4 |     7 ||    11
Dodge: Dodged            |     7 |    45 ||    52
